 Dungeon Crawl Stone Soup version 0.28-a0-697-g47f3eba078 (webtiles) character file.

Game seed: 14360509338389692546

23 avis the Ruffian (level 3, -1/29 HPs)
             Began as a Hill Orc Transmuter on Oct 23, 2021.
             Slain by a worm (10 damage)
             ... on level 2 of the Dungeon.
             The game lasted 00:06:25 (1372 turns).

avis the Ruffian (Hill Orc Transmuter)              Turns: 1372, Time: 00:06:25

Health: -1/29      AC:  4    Str: 13    XL:     3   Next: 0%
Magic:  3/5        EV: 12    Int: 13    God:
Gold:   23         SH:  0    Dex: 11    Spells: 4/5 levels left

rFire   . . .      SeeInvis .     - Unarmed
rCold   . . .      Faith    .   (no shield)
rNeg    . . .      Spirit   .   a - +0 robe
rPois   +          Reflect  .   (helmet currently unavailable)
rElec   .          Harm     .   f - +0 cloak
rCorr   .          Rampage  .   g - +0 pair of gloves
Will    .....                   (boots currently unavailable)
Stlth   +.........              (no amulet)
HPRegen 0.09/turn               b - ring of poison resistance
MPRegen 0.09/turn               (no ring)

@: appendages (expiring)
A: horns 2, talons 2
a: End Transformation


You were on level 2 of the Dungeon.
You had temporarily grown beastly horns and talons.
You visited 1 branch of the dungeon, and saw 2 of its levels.

You collected 23 gold pieces.

Inventory:

Missiles
 d - 25 stones
 j - 32 bolts
Armour
 a - a +0 robe (worn)
 f - a +0 cloak (worn)
 g - a +0 pair of gloves (worn)
 i - a +0 chain mail
 k - a +0 chain mail
 l - a +0 ring mail
Jewellery
 b - a ring of poison resistance (left hand)
Scrolls
 c - a scroll of teleportation {unknown}
 e - 3 scrolls of amnesia {unknown}
 h - a scroll of enchant armour {unknown}


   Skills:
 + Level 1.7 Fighting
 + Level 1.7 Dodging
 * Level 3.7 Unarmed Combat
 + Level 1.8 Spellcasting
 + Level 1.6 Transmutations


You had 4 spell levels left.
You knew the following spells:

 Your Spells              Type           Power      Damage    Failure   Level
a - Beastly Appendage     Tmut           10%        N/A       14%         1

Your spell library contained the following spells:

 Spells                   Type           Power      Damage    Failure   Level
 Wereblood                Tmut           5%         N/A       21%         2
 Spider Form              Tmut/Pois      1%         N/A       50%         3
 Ice Form                 Ice/Tmut       3%         N/A       88%         4


Dungeon Overview and Level Annotations

Branches:
Dungeon (2/15)

Altars:


Innate Abilities, Weirdness & Mutations

You have temporarily grown beastly horns and talons.


Message History

You miscast Beastly Appendage.
You are very lightly contaminated with residual magic.
Nothing appears to happen.
A frilled lizard comes into view.
Your horns disappear.
Your talons disappear.
The frilled lizard hisses angrily.
You hit the worm.
The worm is moderately wounded.
The worm bites you.
Casting: Beastly Appendage (safe; 14% risk of failure)
Confirm with . or Enter, or press ? or * to list all spells.
You grow a pair of large bovine horns.
Your feet morph into talons.
The worm completely misses you.
You hit the worm but do no damage.
The worm is moderately wounded.
Your magical contamination has completely faded away.
You hit the worm.
The worm is moderately wounded.
The worm bites you!
Your transformation is almost over.
The frilled lizard barely misses you.
You barely miss the frilled lizard. Your kick misses the frilled lizard.
The frilled lizard barely misses you.
You hit the frilled lizard.
You kill the frilled lizard!
You have reached level 3!
Your experience leads to an increase in your attributes!
Increase (S)trength, (I)ntelligence, or (D)exterity?
You feel stronger.
You barely miss the worm.
The worm is lightly wounded.
You hit the worm.
The worm is lightly wounded.
You hit the worm.
The worm is moderately wounded.
The worm bites you!
You hit the worm. You claw the worm.
The worm is heavily wounded.
The worm bites you!
You die...

#.##.#
#.##.#
#.##.#
#.##.#######
#...........
####.######
#.# #.# #@#
#w#
#........
#.#######
#.# #.# #.#
#.# #.#


You could see a worm.

Vanquished Creatures
  2 bats (D:1)
  2 endoplasms (D:1)
  A giant cockroach (D:1)
  3 goblins (D:1)
  4 hobgoblins (D:1)
  A quokka (D:1)
  A ball python (D:1)
  2 frilled lizards
  4 kobolds (D:1)
  A rat (D:1)
21 creatures vanquished.

Vanquished Creatures (others)
  5 demonic plants (D:1)
  5 fungi (D:1)
  A withered plant (D:1)
11 creatures vanquished.

Grand Total: 32 creatures vanquished

Notes
Turn   | Place    | Note
-------+----------+-------------------------------------------
     0 | D:1      | avis the Hill Orc Transmuter began the quest for the Orb.
     0 | D:1      | Reached XP level 1. HP: 16/16 MP: 3/3
    15 | D:1      | Found a faded altar of an unknown god.
   280 | D:1      | Reached XP level 2. HP: 23/23 MP: 2/4
  1369 | D:2      | Reached XP level 3. HP: 18/29 MP: 2/5
  1372 | D:2      | Slain by a worm

Illustrated notes

Levels and vault maps discovered:
D:1:      lightli_arrival_flooded_house, layout_rooms, serial_aquarium,
          aquarium_bridge_long_joined [aquarium_subvault_window,
          aquarium_subvault_wall, aquarium_subvault_bridge,
          aquarium_subvault_balcony, aquarium_subvault_wall,
          aquarium_subvault_bridge], aquarium_window_2, aquarium_window_corner,
          aquarium_window_1, aquarium_view_2b, aquarium_view_2d,
          aquarium_pool_2, shapermc_ecumenical_altar_gd
D:2:      layout_loops_ring

Action                   || total
-------------------------++-------
Melee: Unarmed           ||    75
       Headbutt          ||    11
       Kick              ||    11
 Cast: Beastly Appendage ||    20
Armor: Robe              ||    21
Dodge: Dodged            ||    24

Table legend: (Time is in decaauts)
 A = Elapsed time spent in this place.
 B = Non-inter-level travel time spent in this place.
 C = Inter-level travel time spent in this place.
 D = Time resting spent in this place.
 E = Time spent auto-exploring this place.
 F = Levels seen in this place.
 G = Mean time per level.
                   A        B        C        D        E       F      G
               +--------+--------+--------+--------+--------+-----+--------+
         Total |   1370 |   1209 |    161 |    414 |    445 |   2 |  685.0 |
       Dungeon |   1370 |   1209 |    161 |    414 |    445 |   2 |  685.0 |
               +--------+--------+--------+--------+--------+-----+--------+

Top non-repeatable levels by time:
     D:1: 1326 daAuts
     D:2: 43 daAuts
